 Dungeon Crawl Stone Soup version 0.23.2-1-ga50397a (webtiles) character file.

Game seed: 11092736557695920346

212 uname the Slasher (level 5, -6/46 HPs)
             Began as a Hill Orc Gladiator on Apr 14, 2019.
             Killed by nerve-wracking pain
             ... invoked by an orc priest
              (11 damage)
             ... on level 3 of the Dungeon.
             The game lasted 00:14:50 (2496 turns).

uname the Slasher (Hill Orc Gladiator)              Turns: 2496, Time: 00:14:51

Health: -6/46      AC:  4    Str: 18    XL:     5   Next: 90%
Magic:  5/5        EV: 13    Int:  8    God:
Gold:   128        SH:  0    Dex: 12    Spells: 4/4 levels left

rFire    . . .     SeeInvis .   a - +0 long sword
rCold    . . .     Gourm    .   (no shield)
rNeg     . . .     Faith    .   b - +0 leather armour
rPois    .         Spirit   .   c - +0 helmet
rElec    .         Reflect  .   (no cloak)
rCorr    .         Harm     .   (no gloves)
MR       .....                  (no boots)
Stlth    +.........             (no amulet)
HPRegen  0.15/turn              (no ring)
MPRegen  0.09/turn              (no ring)

@: no status effects
A: no striking features
a: Convert to Beogh


You were on level 3 of the Dungeon.
You were not hungry.

You visited 1 branch of the dungeon, and saw 4 of its levels.

You collected 128 gold pieces.

Inventory:

Hand Weapons
 a - a +0 long sword (weapon)
 g - a +1 dagger of venom
Armour
 b - a +0 leather armour (worn)
 c - a +0 helmet (worn)
 e - a +0 scale mail
 i - a +0 pair of boots
Scrolls
 d - a scroll of immolation {unknown}
 h - a scroll of magic mapping {unknown}
 l - 2 scrolls of teleportation {unknown}
 n - a scroll of fear {unknown}
Potions
 j - a potion of haste {unknown}
 k - a potion of degeneration {unknown}
 o - a potion of agility {unknown}
 p - a potion of heal wounds {unknown}
Comestibles
 f - 4 rations
 m - 7 chunks of flesh


   Skills:
 + Level 4.0 Fighting
 * Level 5.4 Long Blades
 - Level 1.7 Throwing
 + Level 3.3 Dodging


You had 4 spell levels left.
You didn't know any spells.
Your spell library was empty.

Dungeon Overview and Level Annotations

Branches:
Dungeon (4/15)
 Temple: D:4-7

Altars:


Message History

The orc wizard hits you with a +0 dagger.
* * * LOW HITPOINT WARNING * * *
The orc wizard barely misses you.
You riposte.
You closely miss the orc wizard.
The orc wizard is lightly wounded.
You hit the orc wizard but do no damage.
The orc wizard is lightly wounded.
The orc wizard closely misses you.
You hit the orc wizard.
The orc wizard is moderately wounded.
The orc wizard closely misses you.
You barely miss the orc wizard.
The orc wizard is moderately wounded.
The orc wizard casts a spell at you. The magic dart hits you.
* * * LOW HITPOINT WARNING * * *
The orc wizard points at you and mumbles some strange words.
You resist with some effort.
The orc priest invokes the aid of Beogh against you.
Pain shoots through your body!
You die...

##.....o.## ##.....##
##...## ##'## #.# #.#
##.#####.## ###
..........####.#####.#
....##>....##o..@..(.#
#.........o...#.#####
#.####รท.####.#.##
.........# ##.##
########.# ### #.# #<#
#.# #.#


You could see an orc priest and an orc wizard.

Vanquished Creatures
  An orc wizard (D:3)
  Natasha (thrice) (D:2)
  4 adders (D:2)
  An ooze (D:1)
  2 worms
  3 dart slugs
  A leopard gecko (D:1)
  An orc (D:3)
  2 ball pythons
  6 bats
  2 giant cockroaches (D:1)
  4 goblins
  4 hobgoblins
  6 jackals (D:1)
  8 kobolds
  6 frilled lizards
  8 rats
62 creatures vanquished.

Notes
Turn   | Place    | Note
-------+----------+-------------------------------------------
     0 | D:1      | uname the Hill Orc Gladiator began the quest for the Orb.
     0 | D:1      | Reached XP level 1. HP: 18/18 MP: 1/1
   218 | D:1      | Reached XP level 2. HP: 21/25 MP: 2/2
   622 | D:1      | Reached XP level 3. HP: 27/30 MP: 3/3
   637 | D:1      | Reached skill level 4 in Long Blades
  1192 | D:2      | Noticed Natasha
  1202 | D:2      | Killed Natasha
  1202 | D:2      | Reached XP level 4. HP: 20/38 MP: 4/4
  1379 | D:2      | Noticed Natasha
  1401 | D:2      | Killed Natasha
  1580 | D:2      | Noticed Natasha
  1594 | D:2      | Killed Natasha
  1594 | D:2      | Reached skill level 5 in Long Blades
  1594 | D:2      | Reached XP level 5. HP: 34/46 MP: 5/5
  2453 | D:4      | Noticed an ogre
  2496 | D:3      | Killed from afar by an orc priest

Skill      XL: |  1  2  3  4  5 |
---------------+----------------+-----
Long Blades    | 4 5 |  5.4
Fighting       | 3 4 |  4.0
Dodging        | 3 |  3.3
Throwing       | |  1.7

Action                   |  1- 3 |  4- 6 || total
-------------------------+-------+-------++-------
Melee: Long sword        |    76 |    89 ||   165
Throw: Throwing net      |     3 |     3 ||     6
 Stab: Held in net/web   |     2 |       ||     2
  Eat: Chunk             |     1 |     4 ||     5
Armor: Leather armour    |    23 |    20 ||    43
Dodge: Dodged            |    47 |    77 ||   124
       Rpst.: Long sword |     8 |    20 ||    28
